 Dungeon Crawl Stone Soup version 0.30-a0-1161-g0704695555 (webtiles) character file.

Game seed: 3007190744496837463

12690 kae the Martial Artist (level 11, -4/108 HPs)
             Began as a Merfolk Transmuter on Apr 27, 2023.
             Was a Priest of Wu Jian.
             Killed from afar by a starcursed mass (8 damage)
             ... with an accursed screaming
             ... on level 2 of the Abyss.
             The game lasted 00:11:38 (8880 turns).

kae the Martial Artist (Merfolk Transmuter)         Turns: 8880, Time: 00:11:38

Health: -4/108     AC: 11    Str: 10    XL:     11   Next: 97%
Magic:  15/16      EV: 12    Int: 13    God:    Wu Jian [***...]
Gold:   365        SH:  0    Dex: 15    Spells: 12/22 levels left

rFire   x .          .
                       - Unarmed
rCold   + + +        (shield currently unavailable)
rNeg    . . .        y - melded +0 troll leather armour
rPois   +            (helmet currently unavailable)
rElec   +            D - melded +0 cloak of the Gusle {Str+6 Dex+2}
rCorr   +            c - melded +1 pair of gloves
SInv    .            (boots currently unavailable)
Will    .....        g - amulet of regeneration
Stlth   +            t - ring of Joxus {rC+ AC+4}
HPRegen 1.18/turn    e - ring "Cixeseamn" {rElec rC+ rCorr Int-4}
MPRegen 0.15/turn

%: no passive effects
@: ice-form, wereblooded, studying Polearms, invisible
A: freezing attack, boosted hp, large, (nimble swimmer 2), (mertail), [low MP
2], ([heat vulnerability 2])
a: End Transformation, Renounce Religion, Wall Jump, Serpent's Lash


You were on level 2 of the Abyss.
You worshipped Wu Jian.
Wu Jian was most pleased with you.
You were a creature of crystalline ice.
You visited 2 branches of the dungeon, and saw 10 of its levels.
You visited the Abyss 1 time.
You also visited: Ossuary and Bailey.

You collected 477 gold pieces.
You spent 112 gold pieces at shops.


Innate Abilities, Weirdness & Mutations

You are a creature of crystalline ice.
You have a powerful freezing melee attack.
Your maximum health is increased.
Your armour is entirely melded.
You are incapable of wielding weapons or throwing items.
((You are very nimble when in or above water. (Stealth+, EV+, Speed+++)))
((Your lower body shifts to a powerful aquatic tail in water.))
[Your magical capacity is very low. (-20% MP)]
[((You are very vulnerable to heat. (rF--)))]


   Skills:
 - Level 10.0 Fighting
 + Level 6.5 Dodging
 - Level 13.0 Unarmed Combat
 - Level 6.0 Spellcasting
 - Level 9.0 Transmutations
 - Level 6.5 Ice Magic
 - Level 2.0 Poison Magic


You had 12 spell levels left.
You knew the following spells:

 Your Spells              Type           Power      Damage    Failure   Level
a - Beastly Appendage     Tmut           54%        N/A       1%          1
b - Wereblood             Tmut           27%        N/A       1%          2
c - Spider Form           Tmut/Pois      18%        N/A       5%          3
d - Ice Form              Ice/Tmut       24%        N/A       7%          4

Your spell library contained the following spells:

 Spells                   Type           Power      Damage    Failure   Level
 Ozocubu's Armour         Ice            20%        N/A       3%          3
 Poisonous Vapours        Pois/Air       12%        N/A       17%         2
 Lesser Beckoning         Tloc           6%         N/A       26%         2
 Mephitic Cloud           Conj/Pois/Air  5%         N/A       36%         3
 Gell's Gravitas          Tloc           3%         N/A       45%         3
 Teleport Other           Tloc           3%         N/A       45%         3
 Freezing Cloud           Conj/Ice/Air   4%         6-21      89%         5
 Ozocubu's Refrigeration  Ice            10%        4d9       100%        7
 Borgnjor's Revivificati  Necr           1%         N/A       100%        8
 Necromutation            Tmut/Necr      7%         N/A       100%        8
 Death's Door             Necr           1%         N/A       100%        9

Inventory:

Missiles
 d - 104 stones
 q - 18 poisoned darts
 r - 2 boomerangs of dispersal {=f!f}
 C - 8 boomerangs
 G - a curare-tipped dart {=f}
Armour
 a - a +0 robe
 c - a +1 pair of gloves (melded)
   (You found it on level 1 of the Dungeon)
 y - a +0 troll leather armour (melded)
   (You found it on level 7 of the Dungeon)
 D - the +0 cloak of the Gusle (melded) {Str+6 Dex+2}
   (You found it in a bailey)

   Str:       It affects your strength (+6).
   Dex:       It affects your dexterity (+2).
Jewellery
 e - the ring "Cixeseamn" (right front paw) {rElec rC+ rCorr Int-4}
   (You found it in a bailey)

   [ring of protection from cold]

   Int:       It affects your intelligence (-4).
   rC:        It protects you from cold.
   rElec:     It insulates you from electricity.
   rCorr:     It protects you from acid and corrosion.
 g - an amulet of regeneration (around neck)
   (You found it on level 3 of the Dungeon)
 t - the ring of Joxus (left front paw) {rC+ AC+4}
   (You found it on level 3 of the Dungeon)

   [ring of protection]

   AC:        It affects your AC (+4).
   rC:        It protects you from cold.
Wands
 f - a wand of polymorph (4)
   (You found it on level 6 of the Dungeon)
 p - a wand of digging (7)
   (You found it on level 4 of the Dungeon)
 w - a wand of roots (12)
   (You took it off Grinder on level 3 of the Dungeon)
 A - a wand of flame (18)
   (You took it off Pikel on level 6 of the Dungeon)
 F - a wand of mindburst (15)
   (You took it off an orc on level 8 of the Dungeon)
 H - a wand of quicksilver (2)
   (You took it off an orc warrior on level 8 of the Dungeon)
Scrolls
 i - 7 scrolls of teleportation {@r4}
 o - 3 scrolls of vulnerability {!r!r}
 B - a scroll of fog
 J - a scroll of poison {!r}
Potions
 b - 6 potions of lignification {!q}
 h - 7 potions of curing {@q1}
 j - a potion of might
 k - a potion of haste {unknown}
 l - 2 potions of resistance
 n - 4 potions of flight
 s - 7 potions of brilliance {unknown}
 u - 3 potions of degeneration {!q}
 x - 3 potions of attraction {!q}
 z - 2 potions of cancellation
 E - a potion of magic
 I - a potion of mutation {!q}
 K - 2 potions of ambrosia {unknown}

Dungeon Overview and Level Annotations

Branches:
Dungeon (9/15) Zot: 26882  Temple (1/1) D:6 Zot: 5829 Ossuary (visited)
 Bailey (visited)
   Lair: D:8-11         Orc: D:9-12

Altars:
Ashenzari
Cheibriados
Dithmenos
Elyvilon
Gozag
Hepliaklqana
Kikubaaqudgha
Nemelex Xobeh
Okawaru
Qazlal
Ru
Sif Muna
Trog
Uskayaw
Vehumet
Wu Jian
Xom
Yredelemnul
Zin
The Shining One

Shops:
D:4 (   D:8 !

Annotations:
D:9 Erolcha

. #. #. #... #
##.#.# . ....
#.# ...# # # ..
##.## # #
..#.###.#XX.##.
..# .
..#XXY#..##.##
#. . ###.##.##..
.#..4 ##
#....#.#
>#......
##.....#...##.#
.. ##........
..... .
#...#...#......
#
#..##.#..#...##.
##
#...#..._##...#
# ###.##..
...###.....


You could see 4 starcursed masses.


Message History

The large abomination hits you but does no damage. 😨 HP[+1]
You punch the large abomination!
You freeze the large abomination. 😨 HP[+1]
You punch the large abomination! You freeze the large abomination.
The large abomination barely misses you. 😨 HP[+1]
You punch the large abomination! You freeze the large abomination.
You destroy the large abomination!
The Council accepts your kill. 😨 HP[+2]
You regained 2 hp, and now have 43/108 hp.
You start resting.
A rust devil comes into view. 😨 HP[+1] MP[+1] Unknown command. 😨 HP[+1]
You start resting.
An ufetubus comes into view. 😨 HP[+4]
You regained 4 hp, and now have 49/108 hp.
A starcursed mass comes into view. 😨 HP[+1]
The starcursed mass shrieks in your mind.
* * * LOW HITPOINT WARNING * * *
😨 HP[-6]
You take 6 damage, and now have 44/108 hp.
A starcursed mass splits. 😨 HP[+1] MP[+1]
Your mp is fully restored (16).
There are monsters nearby!
You fade into invisibility!
A starcursed mass splits.
A chorus of shrieks assaults your mind.
* * * LOW HITPOINT WARNING * * *
😨 HP[-3]
You take 3 damage, and now have 42/108 hp.
You pummel the starcursed mass!! You freeze the starcursed mass.
The starcursed mass shudders and is absorbed by its neighbour. 😨 HP[+1]
A chorus of shrieks assaults your mind.
* * * LOW HITPOINT WARNING * * *
A starcursed mass splits. 😨 HP[-8]
You take 8 damage, and now have 35/108 hp.
You punch the starcursed mass! You freeze the starcursed mass.
The starcursed mass shudders and is absorbed by its neighbour.
A starcursed mass splits. 😨 HP[+1]
A starcursed mass splits. x2 😨 HP[+1]
Casting: Ice Form (dangerous; 7% risk of failure)
Confirm with . or Enter, or press ? or * to list all spells.
Your blood is infused with primal strength.
A deafening chorus of shrieks assaults your mind!
* * * LOW HITPOINT WARNING * * *
A starcursed mass splits.
The starcursed mass closely misses you. 😨 HP[-7] MP[-2]
You take 7 damage, and now have 30/108 hp.
You lost 2 mp, and now have 14/16 mp.
Unknown command.
You pummel the starcursed mass!! You freeze the starcursed mass.
You feel a bit better.
You destroy the starcursed mass!
The Council accepts your kill.
You howl as the wereblood boils in your veins!
A chorus of shrieks assaults your mind.
* * * LOW HITPOINT WARNING * * *
😱 HP[-7]
You take 7 damage, and now have 23/108 hp.
You lunge at the starcursed mass.
You punch the starcursed mass! You freeze the starcursed mass.
The starcursed mass shudders and is absorbed by its neighbour.
The starcursed mass barely misses you.
A starcursed mass splits. 😱 HP[+1]
You punch the starcursed mass! You freeze the starcursed mass.
The starcursed mass shudders and is absorbed by its neighbour.
You howl as the wereblood boils in your veins!
You hear a shout! x2
The starcursed mass touches you.
* * * LOW HITPOINT WARNING * * *
😱 HP[-5]
You take 5 damage, and now have 19/108 hp.
You hit the starcursed mass. You freeze the starcursed mass.
The starcursed mass shudders and is absorbed by its neighbour.
A chorus of shrieks assaults your mind.
* * * LOW HITPOINT WARNING * * *
A starcursed mass splits.
You lunge at the starcursed mass.
You hit the starcursed mass but do no damage.
You spin and attack the starcursed mass.
You punch the starcursed mass! You freeze the starcursed mass!
The starcursed mass shudders and is absorbed by its neighbour.
The starcursed mass touches you.
* * * LOW HITPOINT WARNING * * *
The starcursed mass touches you!
* * * LOW HITPOINT WARNING * * *
A starcursed mass splits.
A chorus of shrieks assaults your mind.
You die...

Skill      XL: |  1  2  3  4  5  6  7  8  9 10 11 |
---------------+----------------------------------+-----
Transmutations | 3 4 6 7 8 9 |  9.0
Poison Magic   | 1 2 |  2.0
Spellcasting   | 4 5 6 |  6.0
Ice Magic      | 2 4 6 |  6.5
Unarmed Combat | 4 10 13 | 13.0
Fighting       | 3 10 | 10.0
Dodging        | 6 |  6.5

Action                     |  1- 3 |  4- 6 |  7- 9 | 10-12 || total
---------------------------+-------+-------+-------+-------++-------
  Melee: Unarmed           |   110 |   117 |   261 |   265 ||   753
         Headbutt          |    13 |    15 |       |       ||    28
         Punch             |     1 |     2 |       |       ||     3
   Cast: Beastly Appendage |    23 |    20 |       |     1 ||    44
         Wereblood         |     2 |     2 |    13 |     6 ||    23
         Spider Form       |       |     8 |     2 |       ||    10
         Ice Form          |       |       |    35 |    24 ||    59
Ability: Lunge             |       |       |    10 |    33 ||    43
         Whirlwind         |       |       |       |     7 ||     7
    Use: Potion            |     1 |     2 |       |     5 ||     8
         Scroll            |     2 |    11 |     7 |     3 ||    23
   Stab: Sleeping          |     1 |       |     2 |       ||     3
 Armour: Robe              |    15 |    22 |     2 |       ||    39
         Skin              |       |     6 |    96 |    84 ||   186
         Troll leather arm |       |       |       |     1 ||     1
  Dodge: Dodged            |    71 |    96 |   134 |   108 ||   409

Levels and vault maps discovered:
D:1:      ncdulo_lavacross, layout_loops_ring, hellmonk_ecumenical_altar_zigzags
D:2:      layout_loops_ring, minivault_25, minmay_misc_feat_rows,
          kennysheep_nub, uniq_sigmund
D:3:      layout_basic, uniq_grinder
D:4:      layout_basic, okawaru_ov_weapons_minmay, serial_shops, shop,
          chequers_serial_rivers_marsh
D:5:      layout_rooms, mainiacjoe_overflow_paths, tso_metal_star,
          gup_ossuary_entry_pyramid, minmay_misc_feat_encased
D:6:      layout_basic, cheibrodos_ashenzari_chains, minmay_temple_entry_arrows,
          hex_medium, uniq_pikel, uniq_eustachio
D:7:      layout_cave_pods, grunt_temple_overflow_diamond,
          nicolae_overflow_crystal_walls, uniq_joseph
D:8:      layout_loops_ring, serial_shops, shop, uniq_gastronok
D:9:      layout_rooms, fedhas_ov_isle_minmay, bloody_makhleb, serial_curves,
          eino_curves_04, eino_curves_01, enter_bailey_5, uniq_erolcha
Temple:   chequers_temple_sunken
Abyss:2:  base: Temple, minivault_23

Notes
Turn   | Place    | Note
-------+----------+-------------------------------------------
     0 | D:1      | kae the Merfolk Transmuter began the quest for the Orb.
     0 | D:1      | Reached XP level 1. HP: 15/15 MP: 3/3
     0 | D:1      | magus.rc [v1.11.3]
    30 | D:1      | Found a faded altar of an unknown god.
   102 | D:1      | Reached skill level 3 in Transmutations
   102 | D:1      | Reached XP level 2. HP: 11/21 MP: 3/5
   298 | D:1      | Reached skill level 1 in Poison Magic
   516 | D:1      | Reached XP level 3. HP: 16/26 MP: 4/6
   531 | D:1      | Learned a level 2 spell: Wereblood
   535 | D:1      | Learned a level 3 spell: Spider Form
   888 | D:2      | Noticed Sigmund
  1045 | D:2      | Reached skill level 4 in Transmutations
  1045 | D:2      | Reached skill level 2 in Poison Magic
  1045 | D:2      | Reached XP level 4. HP: 24/32 MP: 6/8
  1303 | D:2      | You add the spells Ozocubu's Armour and Ozocubu's
                  | Refrigeration to your library.
  1898 | D:3      | Reached skill level 3 in Spellcasting
  1921 | D:3      | Identified the ring of Joxus {rC+ AC+4}
  2069 | D:3      | Noticed Grinder
  2075 | D:3      | Paralysed by Grinder for 2 turns
  2075 | D:3      | HP: 8/32 [constriction (3)]
  2080 | D:3      | HP: 7/48 [Grinder (1)]
  2081 | D:3      | Killed Grinder
  2082 | D:3      | Reached skill level 4 in Spellcasting
  2082 | D:3      | Reached skill level 6 in Transmutations
  2082 | D:3      | Reached XP level 5. HP: 6/37 MP: 6/11
  2082 | D:3      | Reached XP level 6. HP: 7/43 MP: 6/12
  2445 | D:4      | Learned a level 4 spell: Ice Form
  2514 | D:4      | Found Xuylal's Weapon Shop.
  2515 | D:4      | You pick up a book of Displacement and begin reading...
  2515 | D:4      | You add the spells Lesser Beckoning, Gell's Gravitas and
                  | Teleport Other to your library.
  2618 | D:4      | Found an iron altar of Okawaru.
  2792 | D:4      | Reached skill level 1 in Ice Magic
  2852 | D:4      | Reached skill level 2 in Ice Magic
  2940 | D:4      | HP: 9/43 [orc priest/divine providence (12)]
  2947 | D:4      | Reached XP level 7. HP: 48/48 MP: 9/13
  3078 | D:4      | Reached skill level 3 in Ice Magic
  3383 | D:2      | Killed Sigmund
  3384 | D:2      | Reached skill level 7 in Transmutations
  3384 | D:2      | Reached skill level 4 in Ice Magic
  3466 | D:5      | Entered Level 5 of the Dungeon
  3513 | D:5      | Reached skill level 5 in Spellcasting
  3513 | D:5      | Reached XP level 8. HP: 54/54 MP: 11/15
  3547 | D:5      | Identified +0 gold dragon scales
  3567 | D:5      | Found a glowing golden altar of the Shining One.
  3634 | D:5      | Found a sand-covered staircase.
  3643 | Ossuary  | Entered an ossuary
  3643 | Ossuary  | Noticed a wraith
  3643 | Ossuary  | Noticed a wraith
  3643 | Ossuary  | Noticed a wraith
  3698 | Ossuary  | Noticed a wraith
  3732 | Ossuary  | Killed a wraith
  3733 | Ossuary  | Reached skill level 5 in Ice Magic
  4112 | D:5      | Reached skill level 8 in Transmutations
  4263 | D:5      | Reached skill level 6 in Ice Magic
  4290 | D:5      | Found a glowing silver altar of Zin.
  4621 | D:6      | Noticed Eustachio
  4647 | D:5      | Killed Eustachio
  4689 | D:6      | Reached skill level 4 in Unarmed Combat
  4689 | D:6      | Reached skill level 6 in Spellcasting
  4689 | D:6      | Reached XP level 9. HP: 59/59 MP: 7/18
  4877 | D:6      | Noticed Pikel
  4900 | D:6      | Killed Pikel
  4901 | D:6      | Reached skill level 6 in Unarmed Combat
  4901 | D:6      | Reached skill level 9 in Transmutations
  4926 | D:6      | Found a staircase to the Ecumenical Temple.
  4995 | D:6      | Found a broken altar of Ashenzari.
  5011 | Temple   | Entered the Ecumenical Temple
  5267 | Temple   | Became a worshipper of the Wu Jian Council
  5387 | D:6      | Reached skill level 7 in Unarmed Combat
  5529 | D:6      | Reached skill level 8 in Unarmed Combat
  5837 | D:7      | Noticed a troll
  5851 | D:7      | HP: 14/70 [troll (7)]
  5854 | D:7      | Killed a troll
  5855 | D:7      | Reached skill level 9 in Unarmed Combat
  6366 | D:7      | Found a basalt altar of Yredelemnul.
  6464 | D:7      | Found a white marble altar of Elyvilon.
  6467 | D:7      | Found a snail-covered altar of Cheibriados.
  6472 | D:7      | Found an ancient bone altar of Kikubaaqudgha.
  6640 | D:7      | Noticed Joseph
  6659 | D:7      | Killed Joseph
  6660 | D:7      | Reached skill level 10 in Unarmed Combat
  6660 | D:7      | Reached XP level 10. HP: 53/65 MP: 16/19
  7149 | D:8      | Found Vylepod's Distillery.
  7160 | D:8      | Reached * piety under Wu Jian
  7166 | D:8      | Reached skill level 11 in Unarmed Combat
  7169 | D:8      | Noticed Gastronok
  7185 | D:8      | Killed Gastronok
  7186 | D:8      | Reached skill level 12 in Unarmed Combat
  7320 | D:8      | Bought a potion of mutation for 112 gold pieces
  7335 | D:8      | You add the spells Borgnjor's Revivification, Necromutation
                  | and Death's Door to your library.
  7488 | D:8      | You pick up a book of Vapours and begin reading...
  7488 | D:8      | You add the spells Poisonous Vapours, Mephitic Cloud and
                  | Freezing Cloud to your library.
  7698 | D:9      | Reached ** piety under Wu Jian
  7750 | D:9      | Found a flagged portal.
  7762 | Bailey   | Entered a bailey
  7902 | Bailey   | Reached skill level 13 in Unarmed Combat
  7963 | Bailey   | Identified the +0 cloak of the Gusle {Str+6 Dex+2}
  8130 | Bailey   | Noticed a gargoyle
  8149 | Bailey   | Killed a gargoyle
  8150 | Bailey   | Reached skill level 3 in Fighting
  8189 | Bailey   | HP: 18/84 [vampire/+2 vampiric halberd (9)]
  8262 | Bailey   | Reached XP level 11. HP: 76/76 MP: 16/20
  8271 | Bailey   | Identified the +4 longbow of the Vine {freeze, Fly rF+++
                  | Int-4 Dex+4}
  8274 | Bailey   | Identified the ring "Cixeseamn" {rElec rC+ rCorr Int-4}
  8374 | D:9      | Noticed Erolcha
  8374 | D:9      | You are cast into the Abyss!
  8374 | Abyss:2  | Cast into level 2 of the Abyss (Erolcha)
  8378 | Abyss:2  | Found a corrupted altar of Lugonu.
  8382 | Abyss:2  | Found a corrupted altar of Lugonu.
  8423 | Abyss:2  | Found a corrupted altar of Lugonu.
  8437 | Abyss:2  | Reached skill level 4 in Fighting
  8491 | Abyss:2  | Reached skill level 5 in Fighting
  8497 | Abyss:2  | Noticed a large abomination
  8508 | Abyss:2  | Killed a large abomination
  8509 | Abyss:2  | Reached skill level 6 in Fighting
  8521 | Abyss:2  | Noticed a tentacled starspawn
  8535 | Abyss:2  | Killed a tentacled starspawn
  8536 | Abyss:2  | Reached skill level 7 in Fighting
  8547 | Abyss:2  | Noticed a will-o-the-wisp
  8581 | Abyss:2  | Killed a will-o-the-wisp
  8627 | Abyss:2  | Found a corrupted altar of Lugonu.
  8654 | Abyss:2  | Found a corrupted altar of Lugonu.
  8654 | Abyss:2  | Noticed a great orb of eyes
  8662 | Abyss:2  | Noticed a tentacled starspawn
  8671 | Abyss:2  | Noticed a wretched star
  8672 | Abyss:2  | Reached skill level 8 in Fighting
  8672 | Abyss:2  | Paralysed by a great orb of eyes for 2 turns
  8678 | Abyss:2  | Killed a great orb of eyes
  8680 | Abyss:2  | HP: 26/104 [tentacled starspawn (15)]
  8684 | Abyss:2  | Killed a tentacled starspawn
  8685 | Abyss:2  | Reached skill level 9 in Fighting
  8687 | Abyss:2  | Found a shimmering altar of Xom.
  8734 | Abyss:2  | Found a shimmering altar of Xom.
  8759 | Abyss:2  | Noticed a large abomination
  8759 | Abyss:2  | Noticed a starcursed mass
  8766 | Abyss:2  | Killed a large abomination
  8767 | Abyss:2  | Reached skill level 10 in Fighting
  8778 | Abyss:2  | Killed a starcursed mass
  8778 | Abyss:2  | Reached *** piety under Wu Jian
  8779 | Abyss:2  | Reached skill level 4 in Dodging
  8796 | Abyss:2  | Killed a starcursed mass
  8797 | Abyss:2  | Reached skill level 5 in Dodging
  8840 | Abyss:2  | Noticed a wretched star
  8855 | Abyss:2  | Killed a wretched star
  8856 | Abyss:2  | Reached skill level 6 in Dodging
  8866 | Abyss:2  | Noticed a starcursed mass
  8876 | Abyss:2  | HP: 23/108 [starcursed mass/accursed screaming (9)]
  8880 | Abyss:2  | HP: 11/108 [starcursed mass (6)]
  8880 | Abyss:2  | HP: 4/108 [starcursed mass (7)]
  8880 | Abyss:2  | Killed from afar by a starcursed mass

Vanquished Creatures
  2 tentacled starspawn (Abyss:2)
  Gastronok (D:8)
  A great orb of eyes (Abyss:2)
  A wretched star (Abyss:2)
  4 large abominations (Abyss:2)
  Pikel (D:6)
  4 starcursed masses (Abyss:2)
  A will-o-the-wisp (Abyss:2)
  Joseph (D:7)
  A gargoyle (Bailey)
  A tormentor (Abyss:2)
  A troll (D:7)
  An ancient zyme (Abyss:2)
  Grinder (D:3)
  Sigmund (D:2)
  A wraith (Ossuary)
  A wyvern (D:8)
  A vampire (Bailey)
  Eustachio (D:5)
  A water moccasin (D:5)
  A black bear (D:5)
  2 ice beasts (D:6)
  4 orc warriors
  2 sky beasts
  2 centaurs
  3 ogres
  A lemure (D:6)
  A kobold brigand (D:8)
  2 bullfrogs
  A small abomination (Abyss:2)
  A scorpion (D:5)
  7 vampire bats (Bailey)
  A howler monkey (D:5)
  4 wolf zombies (Bailey)
  6 hounds
  2 jellies
  9 orc priests
  2 sleepcaps
  A gnoll bouda (D:6)
  4 iguanas
  7 orc wizards
  2 mummies
  4 gnolls (D:6)
  5 adders
  A white imp (D:6)
  An ufetubus (D:5)
  A worm (D:3)
  2 dart slugs
  34 orcs
  5 endoplasms
  6 giant cockroaches
  10 goblins
  3 hobgoblins (D:1)
  8 jackals
  16 kobolds
  3 quokkas
  9 ball pythons
  2 bats
  7 frilled lizards
  7 gnoll skeletons (Ossuary)
  7 kobold skeletons (Ossuary)
  11 orc skeletons (Ossuary)
  19 orc zombies (Bailey)
  9 rats
  2 starspawn tentacles (Abyss:2)
264 creatures vanquished.

Vanquished Creatures (others)
  3 foxfires (Abyss:2)
  7 starspawn tentacles (Abyss:2)
10 creatures vanquished.

Grand Total: 274 creatures vanquished

Table legend:
 A = Non-vault XP
 B = Vault XP
 C = Vault XP percentage of total XP
 D = Non-vault monster count
 E = Vault monster count
 F = Vault count percentage of total count
                 A         B        C        D         E       F
            +---------+---------+-------+---------+---------+-------
      Total |   13280 |    4849 |  26.7 |     191 |      70 |  26.8
            +---------+---------+-------+---------+---------+-------
        D:1 |      52 |       0 |   0.0 |      30 |       0 |   0.0
        D:2 |      67 |     226 |  77.1 |      21 |       1 |   4.5
        D:3 |      73 |     272 |  78.8 |      16 |       1 |   5.9
        D:4 |     372 |       0 |   0.0 |      21 |       0 |   0.0
        D:5 |     777 |     220 |  22.1 |      17 |       2 |  10.5
        D:6 |     974 |     663 |  40.5 |      23 |       1 |   4.2
        D:7 |     684 |     493 |  41.9 |       9 |       1 |  10.0
        D:8 |    1180 |    1388 |  54.0 |      31 |       1 |   3.1
        D:9 |     294 |       8 |   2.6 |       7 |       4 |  36.4
    Abyss:2 |    8807 |       0 |   0.0 |      16 |       0 |   0.0
    Ossuary |       0 |     263 | 100.0 |       0 |      27 | 100.0
     Bailey |       0 |    1316 | 100.0 |       0 |      32 | 100.0
            +---------+---------+-------+---------+---------+-------

Skill      XL: |  1  2  3  4  5  6  7  8  9 10 11 |
---------------+----------------------------------+-----
Transmutations | 3 4 6 7 8 9 |  9.0
Poison Magic   | 1 2 |  2.0
Spellcasting   | 4 5 6 |  6.0
Ice Magic      | 2 4 6 |  6.5
Unarmed Combat | 4 10 13 | 13.0
Fighting       | 3 10 | 10.0
Dodging        | 6 |  6.5

Action                     |  1- 3 |  4- 6 |  7- 9 | 10-12 || total
---------------------------+-------+-------+-------+-------++-------
  Melee: Unarmed           |   110 |   117 |   261 |   265 ||   753
         Headbutt          |    13 |    15 |       |       ||    28
         Punch             |     1 |     2 |       |       ||     3
   Cast: Beastly Appendage |    23 |    20 |       |     1 ||    44
         Wereblood         |     2 |     2 |    13 |     6 ||    23
         Spider Form       |       |     8 |     2 |       ||    10
         Ice Form          |       |       |    35 |    24 ||    59
Ability: Lunge             |       |       |    10 |    33 ||    43
         Whirlwind         |       |       |       |     7 ||     7
    Use: Potion            |     1 |     2 |       |     5 ||     8
         Scroll            |     2 |    11 |     7 |     3 ||    23
   Stab: Sleeping          |     1 |       |     2 |       ||     3
 Armour: Robe              |    15 |    22 |     2 |       ||    39
         Skin              |       |     6 |    96 |    84 ||   186
         Troll leather arm |       |       |       |     1 ||     1
  Dodge: Dodged            |    71 |    96 |   134 |   108 ||   409

Illustrated notes

Table legend:
 A = Kills in this place as a percentage of kills in the entire game.
 B = Kills by you in this place as a percentage of kills by you in the entire game.
 C = Kills by friends in this place as a percentage of kills by friends in the entire game.
 D = Other kills in this place as a percentage of other kills in the entire game.
 E = Experience gained in this place as a percentage of experience gained in the entire game.
 F = Experience gained in this place divided by the number of levels of this place that you have seen.
                   A       B       C       D       E      F
               +-------+-------+-------+-------+-------+----------------------
         Total | 100.0 | 100.0 |   N/A |   N/A | 100.0 | 1394.5
       Dungeon |  71.3 |  71.3 |   N/A |   N/A |  42.7 | 860.3
         Abyss |   6.1 |   6.1 |   N/A |   N/A |  48.6 | 8807.0
       Ossuary |  10.3 |  10.3 |   N/A |   N/A |   1.5 | 263.0
        Bailey |  12.3 |  12.3 |   N/A |   N/A |   7.3 | 1316.0
               +-------+-------+-------+-------+-------+----------------------

Table legend: (Time is in decaauts)
 A = Elapsed time spent in this place.
 B = Non-inter-level travel time spent in this place.
 C = Inter-level travel time spent in this place.
 D = Time resting spent in this place.
 E = Time spent auto-exploring this place.
 F = Levels seen in this place.
 G = Mean time per level.
                   A        B        C        D        E       F      G
               +--------+--------+--------+--------+--------+-----+--------+
         Total |   8701 |   8410 |    291 |    274 |   6117 |  13 |  669.3 |
       Dungeon |   7232 |   6950 |    282 |     65 |   5497 |   9 |  803.6 |
        Temple |    170 |    161 |      9 |      0 |    120 |   1 |  170.0 |
         Abyss |    473 |    473 |      0 |    207 |     83 |   1 |  473.0 |
       Ossuary |    263 |    263 |      0 |      0 |    114 |   1 |  263.0 |
        Bailey |    561 |    561 |      0 |      2 |    302 |   1 |  561.0 |
               +--------+--------+--------+--------+--------+-----+--------+

Top non-repeatable levels by time:
     D:7: 1097 daAuts
     D:2: 1009 daAuts
     D:5: 930 daAuts
     D:6: 892 daAuts
     D:1: 882 daAuts
     D:4: 827 daAuts
     D:3: 742 daAuts
     D:8: 733 daAuts
  Bailey: 561 daAuts
 Abyss:2: 473 daAuts
 Ossuary: 263 daAuts
  Temple: 170 daAuts
     D:9: 116 daAuts
